Map: Acropolis LE

Players

Zest - Winner!

  • Race: Protoss Protoss
  • League: Master
  • Spawn Location: 5:00

Lambo

  • Race: Zerg Zerg
  • League: Grandmaster
  • Spawn Location: 11:00

Event: HomeStory Cup XX

VOD

Have the link to the VOD?

Description

Time

  • Played on: Nov. 22, 2019, 8:05 a.m.
  • Length: 7:47

All games in this series

Show
View Real Time Build Order
Export as new Build Order

Zest Protoss - Winner!

Build Orders: 1 Gate Expand, Oracle Opening 

Get SALT Encoding   

  12  0:00  Probe  
  13  0:12  Probe  
  14  0:17  Pylon  
  14  0:23  Probe  
  15  0:32  Probe  
  15  0:37  Gateway  
  15  0:40  Probe  
  16  0:46  Assimilator  
  17  0:51  Probe  
  18  1:03  Probe  
  19  1:16  Probe  
  20  1:24  Cybernetics Core  
  20  1:32  Nexus  
  20  1:35  Probe  
  21  1:42  Pylon  
  21  1:47  Probe  
  21  1:50  Assimilator, Adept  
  22  1:59  Probe  
  25  2:11  Adept  
  25  2:12  Probe  
  28  2:24  Probe  
  28  2:28  Stargate  
  29  2:36  Probe  
  30  2:39  Warp Gate  
  30  2:42  Probe  
  30  2:45  Stalker  
  30  2:48  Probe  
  30  2:50  Probe  
  35  2:59  Probe  
  35  3:00  Probe  
  35  3:04  Oracle  
  37  3:11  Probe  
  37  3:12  Probe  
  42  3:21  Pylon  
  42  3:25  Probe x2  
  44  3:27  Assimilator  
  44  3:29  Assimilator  
  44  3:31  Oracle, Gateway  
  44  3:37  Probe  
  44  3:38  Probe  
  46  3:46  Pylon  
  49  3:50  Probe x2  
  51  4:00  Robotics Facility  
  51  4:02  Probe x2  
  53  4:14  Probe x2  
  55  4:20  Pylon  
  55  4:26  Probe  
  55  4:27  Sentry x2, Probe  
  55  4:30  Pylon  
  61  4:37  Gateway  
  61  4:39  Probe x2, Gateway  
  61  4:42  Immortal  
  61  4:43  Pylon  
  63  4:51  Probe x2  
  69  5:07  Nexus  
  69  5:08  Pylon  
  69  5:11  Immortal  
  67  5:18  Sentry x2  
  69  5:23  Pylon  
  73  5:31  Shield Battery  
  73  5:33  Gateway  
  73  5:34  Gateway  
  73  5:38  Warp Prism  
  73  5:42  Sentry x4  
  81  5:51  Gateway  
  81  5:52  Gateway  
  83  6:10  Observer  
  83  6:14  Adept  
  83  6:15  Zealot x3  
  89  6:33  Pylon  
  89  6:35  Pylon  
  89  6:37  Stalker x4  
  89  6:38  Stalker x2  
  101  6:56  Stalker x2  
  105  7:02  Stalker x3  
  105  7:04  Stalker x2  
  111  7:29  Stalker x2  
  99  7:30  Zealot x5  
  99  7:34  Zealot  
Show
View Real Time Build Order
Export as new Build Order

Lambo Zerg 

Build Orders: Hatch First 

Get SALT Encoding   

  12  0:01  Drone  
  13  0:12  Overlord  
  13  0:17  Drone  
  14  0:30  Drone x2  
  16  0:47  Hatchery  
  15  0:50  Drone  
  15  0:54  Drone  
  17  0:57  Drone  
  18  1:08  Extractor  
  17  1:12  Spawning Pool  
  17  1:16  Drone  
  17  1:22  Drone  
  18  1:29  Drone  
  19  1:40  Drone  
  20  1:50  Overlord  
  20  1:59  Queen x2  
  20  2:00  Zergling x4  
  26  2:10  Drone  
  26  2:11  Drone  
  28  2:20  Drone  
  29  2:23  Drone  
  29  2:24  Metabolic Boost  
  30  2:34  Hatchery  
  30  2:36  Drone  
  30  2:41  Zergling x2  
  30  2:45  Drone, Overlord  
  31  2:54  Queen  
  31  2:56  Zergling x2  
  34  3:01  Drone  
  35  3:07  Zergling x2  
  35  3:10  Drone x4  
  40  3:15  Overlord  
  39  3:22  Zergling x2  
  39  3:26  Drone  
  41  3:30  Queen  
  41  3:32  Drone  
  44  3:35  Drone  
  44  3:40  Drone x2  
  44  3:41  Drone  
  48  3:42  Spore Crawler  
  48  3:44  Drone  
  48  3:45  Queen  
  50  3:50  Drone x2  
  50  3:52  Spore Crawler  
  50  3:54  Drone  
  52  4:03  Drone x2  
  52  4:04  Overlord  
  52  4:05  Overlord  
  52  4:07  Spore Crawler  
  53  4:21  Roach Warren  
  53  4:24  Overlord  
  53  4:25  Drone x7  
  53  4:29  Drone  
  61  4:33  Lair  
  61  4:35  Drone  
  61  4:36  Extractor  
  61  4:37  Extractor, Drone  
  61  4:38  Drone x3  
  63  4:41  Overlord  
  63  4:42  Drone x3  
  67  4:54  Overlord  
  67  4:56  Evolution Chamber  
  65  5:01  Drone x5  
  65  5:02  Drone x2  
  70  5:08  Overlord  
  70  5:10  Drone  
  70  5:11  Drone x2  
  70  5:12  Drone  
  73  5:15  Drone  
  73  5:18  Drone  
  73  5:20  Overlord  
  75  5:22  Extractor x2  
  75  5:23  Drone  
  75  5:25  Zerg Melee Weapons Level 1  
  74  5:29  Drone  
  74  5:32  Extractor, Glial Reconstitution  
  74  5:33  Hatchery  
  74  5:34  Drone x2  
  74  5:39  Drone  
  74  5:42  Drone x3  
  74  5:48  Spire  
  73  5:50  Drone x3  
  73  5:55  Drone x3  
  73  5:56  Roach x2  
  73  5:57  Roach  
  82  6:16  Roach x7  
  95  6:25  Zergling x6  
  98  6:27  Baneling Nest  
  98  6:32  Overlord x3  
  98  6:34  Overlord  
  98  6:42  Overlord  
  98  6:44  Zergling x12  
  98  6:47  Overlord  
  104  6:49  Overlord x3  
  104  6:52  Zergling x8  
  104  6:53  Ravager x4  
  112  6:55  Ravager x2  
  114  7:01  Zergling x10  
  114  7:03  Zergling x2, Ravager x2  
  122  7:09  Roach x3  
  122  7:11  Roach  
  128  7:16  Roach x2  
  124  7:24  Roach x2  
  124  7:26  Roach x4  
  124  7:29  Zergling x6  
Tags
 
Add a new tag
Caveats
  • Supply blocks, unpowered buildings, or Contaminate may cause inaccurate times.
  • Supply counts are checked every 10 seconds.